PIO (24 & UNDER)
EAU CLAIRE ESQUIRES @ COLORADO COMMANDERS
06/16/2029
 
TOP OF THE 1ST
Eau Claire Esquires batting - Pitching for Colorado Commanders : RHP Domingo Cruz
Pitching: RHP Domingo Cruz
Batting: LHB Johnny Foley 0-0: Called Strike
0-1: Foul Ball, location: 2F
0-2: Foul Ball, location: 2F
0-2: Foul Ball, location: 2F
0-2: SINGLE (Groundball, 4MD)
Batting: RHB Kyle McIntyre 0-0: Called Strike
Johnny Foley steals 2nd base
0-1: Ball
1-1: Ball
2-1: Called Strike
2-2: Ball
3-2: Ground out U3 (Groundball, 3L)
Johnny Foley to third
Batting: RHB Jesús Ramos 0-0: Called Strike
0-1: Ball
1-1: Foul Ball, location: 2F
1-2: Ground out 6-3 (Groundball, 6)
Johnny Foley scores
Batting: RHB Luis Cherena 0-0: Called Strike
0-1: Called Strike
0-2: Strikes out swinging
Top of the 1st over - 1 run, 1 hit, 0 errors, 0 left on base; Eau Claire 1 - Colorado 0
BOTTOM OF THE 1ST
Colorado Commanders batting - Pitching for Eau Claire Esquires : RHP Ángel Gil
Pitching: RHP Ángel Gil
Batting: LHB Abraham Horton 0-0: Ball
1-0: Called Strike
1-1: Foul Ball, location: 2F
1-2: Strikes out swinging
Batting: RHB Kyle Vélez 0-0: Ball
1-0: Called Strike
1-1: Foul Ball, location: 2F
1-2: Strikes out swinging
Batting: RHB Joe Roberts 0-0: Ball
1-0: Fly out, F5 (Line Drive, 56)
Bottom of the 1st over - 0 runs, 0 hits, 0 errors, 0 left on base; Eau Claire 1 - Colorado 0
TOP OF THE 2ND
Eau Claire Esquires batting - Pitching for Colorado Commanders : RHP Domingo Cruz
Batting: RHB Terry Perkins 0-0: Ground out U3 (Groundball, 3S)
Batting: RHB Jason Smith 0-0: SINGLE (Groundball, 6MD)
Batting: RHB Jonathan Jackson 0-0: Ball
1-0: Ball
2-0: Ball
Jason Smith steals 2nd base
3-0: Called Strike
3-1: Swinging Strike
3-2: SINGLE (Line Drive, 8LS)
Jason Smith to third
Runner from 3rd tries for Home, SAFE, no throw
Batting: RHB Chet White 0-0: Fly out, F8 (Flyball, 8RM)
Batting: RHB Silas Small 0-0: SINGLE (Line Drive, 56S)
Jonathan Jackson to second
Batting: LHB Johnny Foley 0-0: Swinging Strike
0-1: Called Strike
0-2: Ball
1-2: Ball
2-2: Ball
3-2: Base on Balls
Jonathan Jackson to third
Silas Small to second
Batting: RHB Kyle McIntyre 0-0: Ball
1-0: Ball
2-0: Ball
3-0: Called Strike
3-1: Base on Balls
Jonathan Jackson scores
Silas Small to third
Johnny Foley to second
Batting: RHB Jesús Ramos 0-0: Ball
1-0: Swinging Strike
1-1: Ball
2-1: Fly out, F9 (Flyball, 9D)
Top of the 2nd over - 2 runs, 3 hits, 0 errors, 3 left on base; Eau Claire 3 - Colorado 0
BOTTOM OF THE 2ND
Colorado Commanders batting - Pitching for Eau Claire Esquires : RHP Ángel Gil
Batting: SHB Pancho Vásquez 0-0: Ball
1-0: Swinging Strike
1-1: Swinging Strike
1-2: Ball
2-2: Foul Ball, location: 2F
2-2: Foul Ball, location: 2F
2-2: Reached on error, E6 (Groundball, 6)
Batting: RHB Adrián Barrera 0-0: Swinging Strike
0-1: Ground out 4-3 (Groundball, 4M)
Pancho Vásquez to third
Batting: LHB José Diharce 0-0: Ball
1-0: Ground out 6-3 (Groundball, 6S)
Pancho Vásquez scores
Batting: RHB Bobby Miles 0-0: Called Strike
0-1: Ball
1-1: Foul Ball, location: 2F
1-2: Strikes out swinging
Bottom of the 2nd over - 1 run, 0 hits, 1 error, 0 left on base; Eau Claire 3 - Colorado 1
TOP OF THE 3RD
Eau Claire Esquires batting - Pitching for Colorado Commanders : RHP Domingo Cruz
Batting: RHB Luis Cherena 0-0: Foul Ball, location: 2F
0-1: Called Strike
0-2: Strikes out swinging
Batting: RHB Terry Perkins 0-0: Ground out 4-3 (Groundball, 4)
Batting: RHB Jason Smith 0-0: Called Strike
0-1: SINGLE (Groundball, 4MD)
Batting: RHB Jonathan Jackson 0-0: Called Strike
Jason Smith steals 2nd base
0-1: Foul Ball, location: 2F
0-2: Strikes out swinging
Top of the 3rd over - 0 runs, 1 hit, 0 errors, 1 left on base; Eau Claire 3 - Colorado 1
BOTTOM OF THE 3RD
Colorado Commanders batting - Pitching for Eau Claire Esquires : RHP Ángel Gil
Batting: RHB Eric Patrick 0-0: Ball
1-0: Ball
2-0: Ground out 1-3 (Groundball, 13)
Batting: RHB Pete Davis 0-0: Fly out, F8 (Line Drive, 8LS)
Batting: LHB Abraham Horton 0-0: SINGLE (Groundball, 25) (infield hit)
Batting: RHB Kyle Vélez 0-0: Ball
Abraham Horton is caught stealing 2nd base
Bottom of the 3rd over - 0 runs, 1 hit, 0 errors, 0 left on base; Eau Claire 3 - Colorado 1
TOP OF THE 4TH
Eau Claire Esquires batting - Pitching for Colorado Commanders : RHP Domingo Cruz
Batting: RHB Chet White 0-0: Called Strike
0-1: Fly out, F6 (Line Drive, 6M)
Batting: RHB Silas Small 0-0: Called Strike
0-1: Ball
1-1: Called Strike
1-2: SINGLE (Line Drive, 6MD)
Batting: LHB Johnny Foley 0-0: Called Strike
0-1: Fielders Choice at 2nd, 4-6 (Groundball, 4)
Batting: RHB Kyle McIntyre 0-0: Called Strike
Johnny Foley steals 2nd base
0-1: Called Strike
0-2: Ball
1-2: Ball
2-2: Foul Ball, location: 2F
2-2: Ball
3-2: Foul Ball, location: 2F
3-2: Base on Balls
Batting: RHB Jesús Ramos 0-0: Called Strike
0-1: Foul Ball, location: 2F
0-2: Strikes out looking
Top of the 4th over - 0 runs, 1 hit, 0 errors, 2 left on base; Eau Claire 3 - Colorado 1
BOTTOM OF THE 4TH
Colorado Commanders batting - Pitching for Eau Claire Esquires : RHP Ángel Gil
Batting: RHB Kyle Vélez 0-0: Ball
1-0: Ground out 5-3 (Groundball, 2L)
Batting: RHB Joe Roberts 0-0: Ball
1-0: Foul Ball, location: 2F
1-1: Called Strike
1-2: Strikes out looking
Batting: SHB Pancho Vásquez 0-0: Ball
1-0: Ball
2-0: Ball
3-0: Called Strike
3-1: Called Strike
3-2: SINGLE (Line Drive, 6M)
Batting: RHB Adrián Barrera 0-0: Ground out 6-3 (Groundball, 6S)
Bottom of the 4th over - 0 runs, 1 hit, 0 errors, 1 left on base; Eau Claire 3 - Colorado 1
TOP OF THE 5TH
Eau Claire Esquires batting - Pitching for Colorado Commanders : RHP Domingo Cruz
Batting: RHB Luis Cherena 0-0: Ball
1-0: Ground out 6-3 (Groundball, 6M)
Batting: RHB Terry Perkins 0-0: Swinging Strike
0-1: Called Strike
0-2: Ball
1-2: DOUBLE (Flyball, 78XD)
Batting: RHB Jason Smith 0-0: Called Strike
0-1: Swinging Strike
0-2: Strikes out looking
Batting: RHB Jonathan Jackson 0-0: Intentional Walk
Batting: RHB Chet White 0-0: Swinging Strike
0-1: Ball
1-1: Ball
2-1: Swinging Strike
2-2: Foul Ball, location: 2F
2-2: Strikes out swinging
Top of the 5th over - 0 runs, 1 hit, 0 errors, 2 left on base; Eau Claire 3 - Colorado 1
BOTTOM OF THE 5TH
Colorado Commanders batting - Pitching for Eau Claire Esquires : RHP Ángel Gil
Batting: LHB José Diharce 0-0: Ground out 6-3 (Groundball, 6)
Batting: RHB Bobby Miles 0-0: Ball
1-0: Foul Ball, location: 2F
1-1: Fly out, F8 (Flyball, 8LM)
Batting: RHB Eric Patrick 0-0: Ball
1-0: Ball
2-0: Ground out 6-3 (Groundball, 6M)
Bottom of the 5th over - 0 runs, 0 hits, 0 errors, 0 left on base; Eau Claire 3 - Colorado 1
TOP OF THE 6TH
Eau Claire Esquires batting - Pitching for Colorado Commanders : RHP Domingo Cruz
Pitching: RHP Ron Hannah
Batting: RHB Silas Small 0-0: Ground out 6-3 (Groundball, 6)
Batting: LHB Johnny Foley 0-0: Ball
1-0: Ball
2-0: Fly out, F8 (Flyball, 8LXD)
Batting: RHB Kyle McIntyre 0-0: Ball
1-0: Ball
2-0: Ball
3-0: Base on Balls
Batting: RHB Jesús Ramos 0-0: Ball
1-0: Ball
2-0: Foul Ball, location: 2F
2-1: Foul Ball, location: 2F
2-2: Strikes out swinging
Top of the 6th over - 0 runs, 0 hits, 0 errors, 1 left on base; Eau Claire 3 - Colorado 1
BOTTOM OF THE 6TH
Colorado Commanders batting - Pitching for Eau Claire Esquires : RHP Ángel Gil
Batting: RHB Pete Davis 0-0: Called Strike
0-1: Foul Ball, location: 2F
0-2: Strikes out looking
Batting: LHB Abraham Horton 0-0: Called Strike
0-1: Ball
1-1: Swinging Strike
1-2: Strikes out swinging
Batting: RHB Kyle Vélez 0-0: TRIPLE (Flyball, 9LD)
Batting: RHB Joe Roberts 0-0: Ball
1-0: Ground out 1-3 (Groundball, P)
Bottom of the 6th over - 0 runs, 1 hit, 0 errors, 1 left on base; Eau Claire 3 - Colorado 1
TOP OF THE 7TH
Eau Claire Esquires batting - Pitching for Colorado Commanders : RHP Ron Hannah
Batting: RHB Luis Cherena 0-0: Called Strike
0-1: Fly out, F8 (Flyball, 78M)
Batting: RHB Terry Perkins 0-0: Foul Ball, location: 2F
0-1: Ball
1-1: Fly out, F6 (Popup, 6M)
Batting: RHB Jason Smith 0-0: Ball
1-0: Swinging Strike
1-1: Ball
2-1: Foul Ball, location: 2F
2-2: Strikes out swinging
Top of the 7th over - 0 runs, 0 hits, 0 errors, 0 left on base; Eau Claire 3 - Colorado 1
BOTTOM OF THE 7TH
Colorado Commanders batting - Pitching for Eau Claire Esquires : RHP Ángel Gil
Batting: SHB Pancho Vásquez 0-0: Ball
1-0: DOUBLE (Flyball, 78D)
Batting: RHB Adrián Barrera 0-0: Ground out 6-3 (Groundball, 6)
Pancho Vásquez to third
Batting: LHB José Diharce 0-0: Fly out, F9 (Flyball, 9S)
Batting: RHB Bobby Miles 0-0: SINGLE (Groundball, 3L) (infield hit)
Pancho Vásquez scores
Batting: RHB Eric Patrick 0-0: Called Strike
Bobby Miles steals 2nd base
0-1: Ball
1-1: Ball
2-1: Foul Ball, location: 2F
2-2: Ball
3-2: Foul Ball, location: 2F
3-2: Base on Balls
Pinch Hitting: RHB Júlio Ramos 0-0: Fielders Choice at 2nd, 5-4 (Groundball, 56)
Bottom of the 7th over - 1 run, 2 hits, 0 errors, 2 left on base; Eau Claire 3 - Colorado 2
TOP OF THE 8TH
Eau Claire Esquires batting - Pitching for Colorado Commanders : RHP Ron Hannah
Now at 2B: Júlio Ramos
Batting: RHB Jonathan Jackson 0-0: Ball
1-0: Ball
2-0: Ball
3-0: Called Strike
3-1: Base on Balls
Batting: RHB Chet White 0-0: Ball
1-0: Ball
Passed Ball!
Jonathan Jackson to second
2-0: Intentional Walk
Batting: RHB Silas Small 0-0: Ball
1-0: Ball
2-0: Foul Ball, location: 2F
2-1: Ball
3-1: SINGLE (Line Drive, 6MD)
Jonathan Jackson to third
Chet White to second
Pitching: LHP Pedro Beltrán
Pinch Hitting: LHB Brian Easdale 0-0: Swinging Strike
0-1: Ball
1-1: Swinging Strike
1-2: Foul Ball, location: 2F
1-2: Ball
2-2: Ball
3-2: Strikes out swinging
Pitching: LHP Lonnie Phillips
Batting: RHB Kyle McIntyre 0-0: Called Strike
0-1: Ball
1-1: Swinging Strike
1-2: Ball
2-2: Strikes out swinging
Batting: RHB Jesús Ramos 0-0: Ball
1-0: Ball
2-0: Foul Ball, location: 2F
2-1: Ball
3-1: Foul Ball, location: 2F
3-2: Strikes out swinging
Top of the 8th over - 0 runs, 1 hit, 0 errors, 3 left on base; Eau Claire 3 - Colorado 2
BOTTOM OF THE 8TH
Colorado Commanders batting - Pitching for Eau Claire Esquires : RHP Ángel Gil
Now in LF: Jackson Smith
Batting: LHB Abraham Horton 0-0: Ball
1-0: Ball
2-0: Ball
3-0: Called Strike
3-1: Base on Balls
Batting: RHB Kyle Vélez 0-0: Ball
1-0: Fly out, F7 (Flyball, 7LMF)
Batting: RHB Joe Roberts 0-0: Ball
1-0: Ball
2-0: Called Strike
2-1: Foul Ball, location: 2F
2-2: Fly out, F4 (Popup, 4MD)
Batting: SHB Pancho Vásquez 0-0: Called Strike
0-1: Ball
1-1: Ball
2-1: Ball
3-1: Swinging Strike
3-2: Base on Balls
Abraham Horton to second
Batting: RHB Adrián Barrera 0-0: Ball
1-0: Ball
2-0: SINGLE (Groundball, 56D)
Abraham Horton to third
Pancho Vásquez to second
Runner from 3rd tries for Home, SAFE, no throw
Batting: LHB José Diharce 0-0: Called Strike
0-1: Foul Ball, location: 2F
0-2: Ground out 4-3 (Groundball, 4)
Bottom of the 8th over - 1 run, 1 hit, 0 errors, 2 left on base; Eau Claire 3 - Colorado 3
TOP OF THE 9TH
Eau Claire Esquires batting - Pitching for Colorado Commanders : LHP Lonnie Phillips
Pitching: LHP Bernardo Dodson
Batting: RHB Luis Cherena 0-0: Ball
1-0: Swinging Strike
1-1: Ball
2-1: Called Strike
2-2: Foul Ball, location: 2F
2-2: Ball
3-2: Base on Balls
Batting: RHB Terry Perkins 0-0: Foul Ball, location: 2F
0-1: Ball
1-1: Ball
2-1: Foul Ball, location: 2F
2-2: Ball
3-2: Base on Balls
Luis Cherena to second
Batting: RHB Jason Smith 0-0: Ground out 5-3 (Groundball, 5)
Luis Cherena to third
Terry Perkins to second
Batting: RHB Jonathan Jackson 0-0: Intentional Walk
Batting: RHB Chet White 0-0: Swinging Strike
0-1: Foul Ball, location: 2F
0-2: Foul Ball, location: 2F
0-2: Strikes out looking and he ARGUES THE CALL AND IS TOSSED!
Batting: RHB Silas Small 0-0: Called Strike
0-1: Ball
1-1: Ball
2-1: Ball
3-1: Fly out, F9 (Flyball, 9LM)
Top of the 9th over - 0 runs, 0 hits, 0 errors, 3 left on base; Eau Claire 3 - Colorado 3
BOTTOM OF THE 9TH
Colorado Commanders batting - Pitching for Eau Claire Esquires : RHP Ángel Gil
Now at C: Matt Cole
Batting: RHB Bobby Miles 0-0: Called Strike
0-1: Ground out 6-3 (Groundball, 6)
Batting: RHB Eric Patrick 0-0: Ground out 5-3 (Groundball, 5L)
Batting: RHB Júlio Ramos 0-0: Fly out, F7 (Flyball, 78D)
Bottom of the 9th over - 0 runs, 0 hits, 0 errors, 0 left on base; Eau Claire 3 - Colorado 3
TOP OF THE 10TH
Eau Claire Esquires batting - Pitching for Colorado Commanders : LHP Bernardo Dodson
Pitching: LHP Homer Bryan
Pinch Hitting: RHB Edgardo Morales 0-0: Ball
1-0: Ground out 6-3 (Groundball, 56)
Batting: RHB Kyle McIntyre 0-0: Swinging Strike
0-1: Called Strike
0-2: Ball
1-2: Strikes out swinging
Batting: RHB Jesús Ramos 0-0: Called Strike
0-1: Called Strike
0-2: Ball
1-2: Ground out 5-3 (Groundball, 5)
Top of the 10th over - 0 runs, 0 hits, 0 errors, 0 left on base; Eau Claire 3 - Colorado 3
BOTTOM OF THE 10TH
Colorado Commanders batting - Pitching for Eau Claire Esquires : RHP Ángel Gil
Now in RF: Edgardo Morales
Batting: LHB Abraham Horton 0-0: Ball
1-0: Swinging Strike
1-1: SOLO HOME RUN (Flyball, 89XD), Distance : 401 ft
Saturday, December 16th, 2017 - OOTP Baseball 18.8 Build 76